 Dungeon Crawl Stone Soup version 0.31-a0-986-g5e6e4ef867 (webtiles) character file.

Game seed: 11020743161749301258

321 dialectric the Covert (level 6, -1/48 HPs)
             Began as a Spriggan Delver on Nov 12, 2023.
             Slain by an ufetubus (3 damage)
             ... on level 4 of the Dungeon.
             The game lasted 00:07:01 (3554 turns).

dialectric the Covert (Spriggan Delver)             Turns: 3554, Time: 00:07:02

Health: -1/48      AC: 23    Str:  8    XL:     6   Next: 22%
Magic:  7/7        EV:  4    Int: 12    God:
Gold:   172        SH:  0    Dex: 18    Spells: 5/5 levels left

rFire   . . .        a - +0 short sword
rCold   . . .        (no shield)
rNeg    . . .        b - melded +0 robe
rPois   +            (helmet currently unavailable)
rElec   .            x - melded +0 cloak
rCorr   .            (gloves unavailable)
SInv    +            (boots unavailable)
Will    +....        (no amulet)
Stlth   +++++        (no ring)
HPRegen 0.28/turn    (no ring)
MPRegen 0.10/turn

%: no passive effects
@: tree-form, attractive, invisible
A: stationary, stasis, torment immunity, boosted hp, very small, no large
weapons, unfitting armour, see invisible, (speed 3)
a: no special abilities


You were on level 4 of the Dungeon.
You were a tree.
You visited 1 branch of the dungeon, and saw 6 of its levels.

You collected 172 gold pieces.

Inventory:

Hand Weapons
 a - a +0 short sword (weapon)
Missiles
 i - a throwing net
Armour
 b - a +0 robe (melded)
 x - a +0 cloak (melded)
Jewellery
 r - a +4 ring of protection
 s - a ring of willpower
 v - a ring of ice
Talismans
 p - a beast talisman
Wands
 g - a wand of digging (3)
 o - a wand of charming (3)
Scrolls
 c - 2 scrolls of fog
 d - 3 scrolls of revelation
 e - a scroll of fear
 j - 4 scrolls of identify {unknown}
 k - a scroll of noise {unknown}
 m - a scroll of enchant armour {unknown}
 n - a scroll of blinking {unknown}
 q - a scroll of silence {unknown}
 u - a scroll of brand weapon {unknown}
 w - 2 scrolls of teleportation {unknown}
Potions
 f - a potion of haste
 h - 2 potions of attraction


   Skills:
 - Level 3.1 Fighting
 - Level 3.0 Short Blades
 - Level 0.2 Throwing
 + Level 3.6 Dodging
 + Level 10.8 Stealth


You had 5 spell levels left.
You didn't know any spells.
Your spell library contained the following spells:

 Spells                   Type           Power      Damage    Failure   Level
 Magic Dart               Conj           0%         1d3       32%         1
 Call Imp                 Summ           0%         N/A       45%         2
 Mephitic Cloud           Conj/Pois/Air  0%         N/A       69%         3


Dungeon Overview and Level Annotations

Branches:
Dungeon (6/15)
 Temple: D:4-7

Altars:
Nemelex Xobeh
Zin

Shops:
D:5 [


Innate Abilities, Weirdness & Mutations

You are a tree.
Your roots penetrate the ground, keeping you stationary.
You cannot be teleported.
You are immune to unholy pain and torment.
Your maximum health is greatly increased.
Your equipment is partially melded.
You are very small and have problems with some larger weapons.
You are too small for most types of armour.
You have supernaturally acute eyesight. (SInv)
((You cover ground extremely quickly. (Speed+++)))


Message History

The orc wizard points at you and mumbles some strange words.
The magic dart hits you!
* * * LOW HITPOINT WARNING * * *
The ufetubus slips past you! The ufetubus barely misses you.
The ufetubus misses you. The ufetubus closely misses you.
The ufetubus barely misses you.
It was a potion of attraction.
You feel attractive to monsters. The ufetubus barely misses you.
The ufetubus closely misses you.
The orc wizard gestures at you while chanting.
The puff of flame misses you. The ufetubus completely misses you.
The ufetubus barely misses you. The orc wizard is attracted toward you.
Unknown command.
The orc wizard attacks as it pursues you!
The orc wizard hits you with a +0 dagger.
* * * LOW HITPOINT WARNING * * *
The ufetubus is attracted toward you. The orc is attracted toward you.
It was a potion of invisibility.
You fade into invisibility!
The ufetubus closely misses you. The ufetubus hits you.
* * * LOW HITPOINT WARNING * * *
The ufetubus misses you. The ufetubus barely misses you.
The orc is attracted toward you.
Unknown command.
Unknown command.
It was a potion of lignification.
You turn into a tree.
Your +0 cloak melds into your body.
Your +0 robe melds into your body.
Your roots penetrate the ground.
The ufetubus closely misses you.
The ufetubus hits you but does no damage.
The orc is attracted toward you.
Unknown command.
Unknown command.
You cannot move.
Unknown command.
The orc shouts!
You hit the orc wizard.
The orc wizard is moderately wounded.
The ufetubus barely misses you. The ufetubus hits you.
You die...

####..######.......#....####.##
##..†.# #.#.#....[...#......
####.###.#.#..#####...#####
#.....#.#...............
#####.#.#..##..###.#####
#<..#..##.##........
########..#..##.##.#......
.............##.##.#######
#########♣o..##........(..
.........5oo.#...#.######.
########....§#.#.#......#.
#.....#.#.######.#. #....>..#.#
#####' #..#.##§#.########.
#..#.##§#.####.###.
####.##.#.###...##.
...#.#.##..§°.#.


You could see an orc wizard (unable to see you), an ufetubus (unable to see you)
and 2 orcs.

Vanquished Creatures
  A centaur (D:5)
  A scorpion (D:5)
  A hound (D:5)
  Terence (D:3)
  4 adders
  2 ufetubi (D:6)
  A dart slug (D:1)
  6 orcs
  10 ball pythons
  5 endoplasms
  2 giant cockroaches
  9 goblins
  9 hobgoblins
  5 kobolds
  A quokka (D:1)
  6 bats
  5 frilled lizards
  5 rats
74 creatures vanquished.

Vanquished Creatures (collateral kills)
  3 orcs (D:4)
3 creatures vanquished.

Vanquished Creatures (others)
  An orc priest (D:4)
1 creature vanquished.

Grand Total: 78 creatures vanquished

Notes
Turn   | Place    | Note
-------+----------+-------------------------------------------
     0 | D:5      | dialectric the Spriggan Delver began the quest for the Orb.
     0 | D:5      | Reached XP level 1. HP: 11/11 MP: 2/2
    14 | D:5      | Noticed a scorpion
    29 | D:5      | Killed a scorpion
    30 | D:5      | Reached skill level 8 in Stealth
    30 | D:5      | Reached XP level 2. HP: 14/16 MP: 3/3
    30 | D:5      | Reached XP level 3. HP: 17/19 MP: 4/4
   260 | D:3      | Found a glowing silver altar of Zin.
   260 | D:3      | Noticed an angel
   354 | D:3      | Reached skill level 9 in Stealth
   436 | D:3      | Reached XP level 4. HP: 16/23 MP: 5/5
   792 | D:3      | Noticed Terence
   795 | D:3      | Killed Terence
  1215 | D:2      | Reached XP level 5. HP: 24/28 MP: 6/6
  2635 | D:5      | Noticed a water moccasin
  2737 | D:6      | Reached skill level 10 in Stealth
  2742 | D:6      | Identified the +5 pair of gloves of Maupn {*Slow rF+ rCorr}
  2899 | D:6      | Noticed an orc warrior
  2954 | D:5      | Noticed a centaur
  2957 | D:5      | Killed a centaur
  2958 | D:5      | Reached XP level 6. HP: 32/32 MP: 7/7
  3395 | D:4      | Found a sparkling altar of Nemelex Xobeh.
  3550 | D:4      | HP: 1/32 [orc wizard/+0 dagger (1)]
  3554 | D:4      | Slain by an ufetubus

Illustrated notes

Levels and vault maps discovered:
D:1:      matt_arrival_spirals, layout_loops_ring
D:2:      layout_rooms
D:3:      layout_basic, zin_angel, minmay_between, uniq_terence
D:4:      cheibrodos_quashed, layout_basic, nemelex_altar_shiori,
          mainiacjoe_overflow_alcove_1
D:5:      layout_cave_pools, nicolae_wu_jian_glorious_leap,
          minmay_temple_entry_offerings, serial_shops, nicolae_shop_statue_plus
D:6:      layout_rooms, demons_altar, kennysheep_cross_bottleneck

Skill      XL: |  1  2  3  4  5 |
---------------+----------------+-----
Stealth        | 8 9 10 | 10.8
Dodging        | 3 |  3.6
Short Blades   | 3 |  3.0
Fighting       | 3 |  3.1
Throwing       | |  0.2

Action                     |  1- 3 |  4- 6 || total
---------------------------+-------+-------++-------
  Melee: Short sword       |    21 |   176 ||   197
         Punch             |       |     2 ||     2
  Throw: Dart              |       |     9 ||     9
  Evoke: Wand              |       |     1 ||     1
    Use: Potion            |       |     3 ||     3
   Stab: Sleeping          |     3 |    35 ||    38
         Distracted        |     1 |     1 ||     2
 Armour: Robe              |     8 |    55 ||    63
         Skin              |       |     2 ||     2
  Dodge: Dodged            |    13 |   149 ||   162

Table legend: (Time is in decaauts)
 A = Elapsed time spent in this place.
 B = Non-inter-level travel time spent in this place.
 C = Inter-level travel time spent in this place.
 D = Time resting spent in this place.
 E = Time spent auto-exploring this place.
 F = Levels seen in this place.
 G = Mean time per level.
                   A        B        C        D        E       F      G
               +--------+--------+--------+--------+--------+-----+--------+
         Total |   2360 |   2282 |     78 |      0 |   1456 |   6 |  393.3 |
       Dungeon |   2360 |   2282 |     78 |      0 |   1456 |   6 |  393.3 |
               +--------+--------+--------+--------+--------+-----+--------+

Top non-repeatable levels by time:
     D:3: 695 daAuts
     D:4: 585 daAuts
     D:1: 487 daAuts
     D:2: 274 daAuts
     D:5: 176 daAuts
     D:6: 141 daAuts
